Unix NetHack Version 5.0.0-0 post-release - last build Jun 10 2026 00:39:30 (3ee93aec679c4c4259841fe613dc97188e26a321,branch:main).

Game began 2026-06-11 21:04:20, ended 2026-06-17 21:07:50.

BeardyHaddock, neutral male gnomish Archeologist

                               ---------         ----------+-
  ---------                ####-.......|         |........c..#
  |.......|       ###########  |...}.(..#########|..........|#
  |.......|       #-----%   #  |.......|        #|...%.%....|#
  |.......|       #|(...|# *#  -.-+--+--        #..@........|##
  |.>......########|._.<| ####*##             ###------------####
  -.-----.-       )......###                   ##          ##  #
   ##########     #------                      ##
                 ##
                  ##

BeardyHaddock the Investigator  St:14 Dx:8 Co:15 In:17 Wi:13 Ch:12  Neutral
Dlvl:8  $:107 HP:0(53) Pw:48(48) AC:9  Xp:8 T:7667  Satiated

Latest messages:
 Which ring-finger, Right or Left? [rl] r
 K - an uncursed ring of slow digestion (on right hand).
 What do you want to take off? [cpL or ?*] ?
 You were wearing an uncursed +0 fedora.
 What do you want to wear? [ch or ?*] ?
 You finish your dressing maneuver.
 You see here 7 rocks.
 You see here 7 rocks.
 You start digging.
 You hit the rock with all your might.
 You succeed in cutting away some rock.
 You find a hidden door.
 You see here a large box.
 In what direction? 4
 You kick a large box.
 THUD!
 You break open the lock!
 You see here a broken large box.
 The large box is empty.
 You find a hidden door.
 You see here 26 gold pieces.
 $ - 26 gold pieces (107 in total).
 The giant bat bites!
 You hit the giant bat!
 The giant bat bites!
 The giant bat bites!
 You kill the giant bat!
 You see here a giant bat corpse.
 You find a hidden door.
 You are carrying too much to get through.
 You start digging.
 You hit the rock with all your might.
 You hear the footsteps of a guard on patrol.
 You stop digging.
 The pyrolisk attacks you with a fiery gaze!
 Your boots smoulder!
 A rock piercer suddenly drops from the ceiling!
 You are hit by a falling rock piercer!
 You hit the rock piercer!
 You kill the rock piercer!
 What do you want to write with? [- agstCEKMW or ?*] -
 You write in the dust with your fingertip.
 What do you want to write in the dust here? Elbereth
 The pyrolisk attacks you with a fiery gaze!
 You die...
 Do you want your possessions identified? [ynq] (y) y
 Do you want to see your attributes? [ynq] (y) n
 Do you want an account of creatures vanquished? [ynaq] (y) n
 Do you want to see your conduct and achievements? [ynq] (y) n
 Do you want to see the dungeon overview? [ynq] (y) n

Inventory:
 Coins    ('$')
  $ - 107 gold pieces
 Amulets  ('"')
  u - a blessed amulet of guarding
 Weapons  (')')
  t - 5 rustproof +0 darts (at the ready)
  a - a +2 bullwhip
 Armor    ('[')
  h - an uncursed +0 elven leather helm (being worn)
  c - an uncursed +0 fedora
  l - an uncursed rustproof +0 pair of iron shoes
  p - an uncursed burnt +0 pair of speed boots (being worn)
  L - an uncursed +0 dwarvish cloak (being worn)
 Comestibles  ('%')
  d - 6 uncursed food rations
  n - 2 uncursed lembas wafers
 Scrolls  ('?')
  U - 2 blessed scrolls of blank paper
  V - 5 uncursed scrolls of blank paper
  k - an uncursed scroll of confuse monster
  q - an uncursed scroll of create monster
  S - 2 uncursed scrolls of earth
  J - 2 uncursed scrolls of light
  D - an uncursed scroll of remove curse
  A - an uncursed scroll of stinking cloud
 Spellbooks  ('+')
  x - an uncursed spellbook of invisibility
 Potions  ('!')
  j - an uncursed potion of water
 Rings    ('=')
  K - an uncursed ring of slow digestion (on right hand)
  W - an uncursed ring of teleport control
 Wands    ('/')
  M - a wand of fire (0:7)
  C - a wand of make invisible (0:5)
  s - a wand of secret door detection (0:12)
 Tools    ('(')
  Z - an uncursed brass lantern
  i - an uncursed magic lamp (lit)
  e - a corroded +2 pick-axe (weapon in right hand)
  G - an uncursed skeleton key
  R - an uncursed skeleton key
  O - an uncursed tin whistle
  f - a tinning kit (0:77)
  v - a +0 unicorn horn
  w - a +0 unicorn horn
  Y - a +0 unicorn horn
 Gems/Stones  ('*')
  E - an uncursed amber stone
  g - an uncursed touchstone

BeardyHaddock the Archeologist's attributes:

Background:
 You were an Investigator, a level 8 male gnomish Archeologist.
 You were neutral, on a mission for Camaxtli
 who was opposed by Quetzalcoatl (lawful) and Huhetotl (chaotic).
 You were right-handed.
 You were in the Dungeons of Doom, on level 8.
 You entered the dungeon 7667 turns ago.
 There was a new moon in effect when your adventure ended.
 You had 1338 experience points, 1222 more were needed to attain level 9.

Basics:
 You had 0 out of 53 hit points.
 You had all 48 energy points (spell power).
 Your armor class was 9.
 Your wallet contained 107 zorkmids.
 Autopickup was off.

Final Characteristics:
 Your strength was 14 (limit:18/50).
 Your dexterity was 8 (limit:18).
 Your constitution was 15 (limit:18).
 Your intelligence was 17 (limit:19).
 Your wisdom was 13 (peak:15, limit:18).
 Your charisma was 12 (limit:18).

Final Status:
 You were satiated.
 You were unencumbered.
 You were wielding a pick-axe.
 You had expert skill with pick-axe.

Final Attributes:
 You were piously aligned.
 Your items were somewhat protected from fire.
 Your items were somewhat protected from cold.
 You had automatic searching.
 You had infravision.
 You were stealthy.
 You had slower digestion.
 You were warded.
 You were very fast.
 You are dead.

Miscellaneous:
 You didn't encounter any bones levels.
 Total elapsed playing time was 2 hours, 8 minutes and 6 seconds.

Major events:
 Turn
    1: BeardyHaddock the neutral male gnomish Archeologist entered the dungeon
 1017: attained the rank of Field Worker (level 3)
 1644: entered the Gnomish Mines
 2545: reached Mine Town
 2745: attained the rank of Investigator (level 6)
 7226: entered Sokoban
 7667: killed by a pyrolisk

Spells:
 Name                 Level Category     Fail Retention
 protection             1   clerical       0%   51%-75%
 cure blindness         2   healing       65%   51%-75%
 jumping                1   escape         0%  76%-100%
 wizard lock            2   matter        65%  76%-100%
 invisibility           4   escape       100%  76%-100%

Skills:
 Fighting Skills
   bare handed combat [Unskilled]
   two weapon combat  [Unskilled]
   riding             [Unskilled]
 Weapon Skills
   dagger             [Unskilled]
   knife              [Unskilled]
   pick-axe           [Expert]
   short sword        [Unskilled]
   saber              [Unskilled]
   club               [Unskilled]
   quarterstaff       [Unskilled]
   sling              [Unskilled]
   dart               [Unskilled]
   boomerang          [Unskilled]
   whip               [Basic]
   unicorn horn       [Unskilled]
 Spellcasting Skills
   attack spells      [Unskilled]
   healing spells     [Unskilled]
   divination spells  [Unskilled]
   matter spells      [Unskilled]

Voluntary challenges:
 Character rerolling was not enabled.
 You never genocided any monsters.
 You never polymorphed an object.
 You used no wishes.
 You did not violate any of the special Sokoban rules.
Achievements:
 You attained the rank of Field Worker.
 You entered a shop.
 You entered the Gnomish Mines.
 You entered Minetown.
 You attained the rank of Investigator.
 You entered a temple.
 You entered Sokoban.

 The Dungeons of Doom: levels 1 to 8
    Level 1:
       An altar, a sink.
    Level 2:
       An altar to Camaxtli, a fountain.
    Level 3:
    Level 4:
       A general store, an altar.
       Stairs down to The Gnomish Mines.
    Level 5:
       Some fountains.
    Level 6:
    Level 7:
       Some fountains.
       Stairs up to Sokoban, level 6.
    Level 8: <- You were here.
       An altar to Camaxtli.
       Final resting place for
          you, killed by a pyrolisk.
 The Gnomish Mines: levels 5 to 7
    Level 5:
    Level 6:
    Level 7:
       Many shops, a temple and an altar, many fountains.
 Sokoban:
    Level 6:
       Unsolved.


Vanquished creatures:
  a small mimic
  a dwarf ruler
 an elf mummy
  2 watchmen
  a chameleon
  2 wolves
  3 leprechauns
 an iron piercer
  a gold golem
  a werewolf
  4 lizards
  a jaguar
  a dwarf leader
  4 white unicorns
  2 ravens
  a gnome mummy
  2 Woodland-elves
  3 soldier ants
  2 bugbears
 an imp
  a wood nymph
  a mountain nymph
  6 Mordor orcs
  3 Uruk-hai
 an orc shaman
  2 rock piercers
  3 rock moles
  3 ponies
  a fog cloud
  4 yellow lights
  a violet fungus
  3 gnome leaders
  a kobold mummy
  a black naga hatchling
  a ghoul
  4 paper golems
  3 giant ants
  a little dog
  2 kittens
  8 dwarves
  a homunculus
  a kobold leader
  2 kobold shamans
  4 hill orcs
  9 rothes
  a centipede
  a giant bat
  a wererat
  5 iguanas
  a coyote
  4 hobbits
  5 manes
  2 large kobolds
  6 hobgoblins
  4 giant rats
  a cave spider
  a yellow mold
  a green mold
 12 gnomes
  5 geckos
  9 jackals
  4 foxes
  5 kobolds
  6 goblins
 10 sewer rats
  7 grid bugs
  a bat
  7 lichens
  2 kobold zombies
 10 newts
213 creatures vanquished.

No species were genocided or became extinct.

Game over:
                       ----------
                      /          \
                     /    REST    \
                    /      IN      \
                   /     PEACE      \
                  /                  \
                  |  BeardyHaddock   |
                  |      107 Au      |
                  |   killed by a    |
                  |     pyrolisk     |
                  |                  |
                  |                  |
                  |       2026       |
                 *|     *  *  *      | *
        _________)/\\_//(\/(/\)/\//\/|_)_______

Goodbye BeardyHaddock the Archeologist...

You died in The Dungeons of Doom on dungeon level 8 with 5889 points,
and 107 pieces of gold, after 7667 moves.
You were level 8 with a maximum of 53 hit points when you died.

